 Dungeon Crawl Stone Soup version 0.27-a0-906-g0a00ce8 (webtiles) character file.

Game seed: 9513074555539163111

3038 Nithhogg the Spawn of Chaos (level 9, -9/69 HPs)
             Began as a Demonspawn Fighter on Apr 7, 2021.
             Was an Initiate of Makhleb.
             Mangled by Menkaure (16 damage)
             ... on level 7 of the Dungeon.
             The game lasted 00:10:03 (8309 turns).

Nithhogg the Spawn of Chaos (Demonspawn Fighter)    Turns: 8309, Time: 00:10:03

Health: -9/69      AC: 12    Str: 26    XL:     9   Next: 56%
Magic:  0/14       EV:  7    Int: 10    God:    Makhleb [......]
Gold:   339        SH: 15    Dex: 12    Spells: 8/8 levels left

rFire    + . .     SeeInvis .   p - +5 short sword (flame)
rCold    . . .     Faith    .   c - +0 kite shield
rNeg     . . .     Spirit   +   i - +0 plate armour
rPois    .         Reflect  .   (helmet restricted)
rElec    .         Harm     .   (no cloak)
rCorr    .         Rampage  .   (no gloves)
Will     .....                  (no boots)
Stlth    ..........             w - amulet of guardian spirit
HPRegen  0.21/turn              e - ring of protection from fire
MPRegen  0.14/turn              g - +6 ring of strength

@: no status effects
A: horns 1, large bone plates 1, demonic guardian 1, ignite blood 1
a: Renounce Religion


You were on level 7 of the Dungeon.
You worshipped Makhleb.
Makhleb was noncommittal.
You visited 2 branches of the dungeon, and saw 8 of its levels.

You collected 339 gold pieces.

Inventory:

Hand Weapons
 a - a +0 long sword
 p - a +5 short sword of flaming (weapon)
 A - a +3 falchion
Armour
 b - a +0 scale mail
 c - a +0 kite shield (worn)
 i - a +0 plate armour (worn)
Jewellery
 e - a ring of protection from fire (left hand)
 f - a ring of ice
 g - a +6 ring of strength (right hand)
 j - a ring of ice
 u - a ring of positive energy
 w - an amulet of guardian spirit (around neck)
 x - a ring of positive energy
Wands
 y - a wand of paralysis (3) (quivered)
Scrolls
 k - a scroll of noise {unknown}
 q - 8 scrolls of identify
 r - 2 scrolls of magic mapping
 s - a scroll of amnesia {unknown}
 v - 2 scrolls of brand weapon
 B - a scroll of teleportation {unknown}
Potions
 d - a potion of might
 h - a potion of cancellation
 l - a potion of lignification {unknown}
 m - a potion of haste
 n - a potion of invisibility
 o - 2 potions of curing {unknown}
 t - 2 potions of brilliance
 z - a potion of flight {unknown}


   Skills:
 + Level 6.2 Fighting
 + Level 5.2 Long Blades
 + Level 5.6 Armour
 + Level 4.8 Dodging
 + Level 5.6 Shields
 + Level 7.0 Invocations


You had 8 spell levels left.
You didn't know any spells.
Your spell library contained the following spells:

 Spells                   Type           Power      Damage    Failure   Level
 Shock                    Conj/Air       0%         1d3       100%        1
 Swiftness                Air            0%         N/A       100%        2
 Static Discharge         Conj/Air       0%         N/A       100%        3
 Airstrike                Air            0%         N/A       100%        4
 Lightning Bolt           Conj/Air       0%         1d11      100%        5


Dungeon Overview and Level Annotations

Branches:
Dungeon (7/15)             Temple (1/1) D:7

Altars:
Cheibriados
Dithmenos
Elyvilon
Fedhas
Gozag
Hepliaklqana
Kikubaaqudgha
Makhleb
Nemelex Xobeh
Okawaru
Qazlal
Ru
Sif Muna
Trog
Uskayaw
Vehumet
Wu Jian
Xom
Zin
The Shining One

Shops:
D:6 (

Annotations:
D:7 Menkaure


Innate Abilities, Weirdness & Mutations

You have a pair of small horns on your head.
You are partially covered in large bone plates. (SH +4)
A weak demonic guardian rushes to your aid.
Your demonic aura sometimes causes spilled blood to erupt in flames


Message History

You are too injured to fight recklessly!
You are too injured to fight recklessly!
You are too injured to fight recklessly!
You are too injured to fight recklessly!
You are too injured to fight recklessly!
You are too injured to fight recklessly!
The gnoll shaman hits your iron imp but does no damage.
Your iron imp hits the gnoll shaman but does no damage.
The gnoll shaman closely misses your iron imp.
Your iron imp barely misses the gnoll shaman.
The gnoll shaman prays to its god.
The gnoll shaman is healed somewhat.
Your iron imp closely misses the gnoll shaman.
The gnoll shaman hits your iron imp but does no damage.
The gnoll shaman hits your iron imp but does no damage.
You start resting.
Something hits your iron imp.
Your iron imp hits the gnoll shaman!
The gnoll shaman dies!
Makhleb accepts your kill.
Menkaure is nearby!
Your iron imp barely misses Menkaure.
Menkaure barely misses your iron imp.
Menkaure calls on the powers of darkness!
The gnoll convulses!
Your body is wracked with pain!
* * * LOW HITPOINT WARNING * * *
Your iron imp hits Menkaure!
Something hits your iron imp!!
Your iron imp dies!
You start resting.
Menkaure is nearby!
You hit Menkaure. You burn Menkaure. You headbutt Menkaure.
Menkaure is heavily damaged.
Menkaure hits you!
* * * LOW HITPOINT WARNING * * *
A demonic guardian appears!
Menkaure hits you.
* * * LOW HITPOINT WARNING * * *
You barely miss Menkaure. You headbutt Menkaure.
Menkaure is almost destroyed.
Menkaure hits you!!
You die...

#)# ......# #(# #
#.....#####.####.# ..
................# ..
#.###.####g....## #.###.# #.#
#)####.# ....# #.####g# .#
##..# #.##M..## .# #.#.).#
#@#.###.######.# ##.#.#.###.M##
##.......# #.......##5.#
#..###### #...#.#.)...# ##..###
##...###.#....#.###..)..#
...###...##..###........#####.
..#........#..####.............
....##..>..##...##.#.....######
#..#.)......#.##........#


You could see Menkaure (fast, ally target) and a friendly quasit (summoned).

Vanquished Creatures
  5 water moccasins
  An orc warrior (D:5)
  2 sky beasts
  4 black bears
  2 necrophages
  2 ogres (D:5)
  A centaur (D:7)
  A phantom (D:6)
  2 scorpions (D:5)
  4 wights
  A howler monkey (D:4)
  2 hounds
  2 jellies (D:5)
  A bullfrog skeleton (D:5)
  A gnoll shaman (D:5)
  4 orc priests
  Crazy Yiuf (D:5)
  3 iguanas
  11 orc wizards
  A hound zombie (D:5)
  2 hound skeletons (D:4)
  A howler monkey zombie (D:5)
  11 gnolls
  9 adders
  A shadow imp (D:5)
  An ufetubus (D:4)
  6 dart slugs
  21 orcs
  6 ball pythons
  2 endoplasms
  6 giant cockroaches
  6 goblins
  5 hobgoblins
  8 jackals
  5 quokkas
  2 bats (D:2)
  2 frilled lizards (D:2)
  4 kobolds
  3 rats
152 creatures vanquished.

Vanquished Creatures (collateral kills)
  A sky beast (D:5)
  A gnoll shaman (D:7)
  An orc (D:5)
  A rat (D:1)
4 creatures vanquished.

Vanquished Creatures (others)
  32 plants
32 creatures vanquished.

Grand Total: 188 creatures vanquished

Notes
Turn   | Place    | Note
-------+----------+-------------------------------------------
     0 | D:1      | Nithhogg the Demonspawn Fighter began the quest for the
                  | Orb.
     0 | D:1      | Reached XP level 1. HP: 18/18 MP: 1/1
   282 | D:1      | Gained mutation: A weak demonic guardian rushes to your
                  | aid. [demonic ancestry]
   282 | D:1      | Reached XP level 2. HP: 24/24 MP: 2/2
   336 | D:1      | Found a faded altar of an unknown god.
   346 | D:1      | Reached skill level 1 in Invocations
   584 | D:1      | Gained mutation: You are partially covered in large bone
                  | plates. (SH +4) [demonic ancestry]
   584 | D:1      | Reached XP level 3. HP: 20/29 MP: 2/4
  1183 | D:2      | Reached skill level 1 in Dodging
  1394 | D:2      | Gained mutation: Your demonic aura sometimes causes spilled
                  | blood to erupt in flames [demonic ancestry]
  1394 | D:2      | Reached XP level 4. HP: 35/35 MP: 5/5
  1813 | D:3      | Reached skill level 2 in Invocations
  2011 | D:3      | Found a bloodstained altar of Trog.
  2314 | D:3      | Reached XP level 5. HP: 35/41 MP: 6/6
  2952 | D:4      | Gained mutation: You have a pair of small horns on your
                  | head. [demonic ancestry]
  2952 | D:4      | Reached XP level 6. HP: 40/48 MP: 8/8
  3008 | D:4      | Reached skill level 3 in Invocations
  3042 | D:4      | Found a shadowy altar of Dithmenos.
  3477 | D:4      | Reached XP level 7. HP: 54/54 MP: 9/9
  3626 | D:5      | Entered Level 5 of the Dungeon
  3768 | D:5      | Reached skill level 4 in Invocations
  3995 | D:5      | Found a radiant altar of Vehumet.
  4819 | D:5      | Reached XP level 8. HP: 38/61 MP: 11/11
  5030 | D:5      | Reached skill level 5 in Invocations
  5241 | D:5      | Reached skill level 5 in Fighting
  5769 | D:5      | Found a runed translucent door.
  5770 | D:5      | Noticed Crazy Yiuf
  5995 | D:5      | Killed Crazy Yiuf
  6368 | D:5      | Reached skill level 5 in Armour
  6368 | D:5      | Reached skill level 5 in Shields
  6772 | D:5      | Reached skill level 6 in Invocations
  7161 | D:5      | Reached XP level 9. HP: 66/68 MP: 13/13
  7481 | D:6      | Found a hazy altar of Hepliaklqana.
  7798 | D:6      | Found Uzxury's Weapon Boutique.
  7971 | D:7      | Reached skill level 5 in Long Blades
  8055 | D:7      | Found a staircase to the Ecumenical Temple.
  8062 | Temple   | Entered the Ecumenical Temple
  8162 | Temple   | Became a worshipper of Makhleb the Destroyer
  8278 | D:7      | Noticed Menkaure
  8282 | D:7      | Reached skill level 7 in Invocations
  8309 | D:7      | Mangled by Menkaure

Illustrated notes

Levels and vault maps discovered:
D:1:      lightli_arrival_noodles, layout_basic, basic_ecumenical_altar,
          minivault_4, minmay_hexomino_p4
D:2:      layout_basic
D:3:      layout_basic, lemuel_round_altar, serial_bayou_lagoon_a
D:4:      layout_rooms, nicolae_dithmenos_through_a_glass_darkly, st_stairs_12,
          chequers_serial_rivers_small_b
D:5:      layout_basic, nicolae_overflow_crystal_walls, grunt_decor_cap,
          minmay_increasing_density, uniq_crazy_yiuf_cottage
D:6:      layout_gridville, nicolae_hepliaklqana_hazy_memory, serial_shops,
          kennysheep_little_box, minmay_a_box_with_orc_wizards_in_it
D:7:      layout_loops_ring, minmay_temple_entry_slanted, uniq_menkaure,
          uniq_pikel, uniq_duvessa
Temple:   lightli_temple_of_artemis

Skill      XL: |  1  2  3  4  5  6  7  8  9 |
---------------+----------------------------+-----
Invocations    | 1 2 3 4 6 7 |  7.0
Long Blades    | 2 3 4 5 |  5.2
Shields        | 3 4 5 |  5.6
Armour         | 3 4 5 |  5.6
Dodging        | 1 2 3 4 |  4.8
Fighting       | 4 5 6 |  6.2

Action                   |  1- 3 |  4- 6 |  7- 9 || total
-------------------------+-------+-------+-------++-------
Melee: Long sword        |   132 |       |       ||   132
       Short sword       |     3 |   169 |   297 ||   469
       Headbutt          |       |     5 |    61 ||    66
Evoke: Wand              |       |       |     1 ||     1
  Use: Scroll            |       |       |     7 ||     7
       Potion            |       |       |     7 ||     7
 Stab: Paralysed         |       |       |     2 ||     2
Armor: Scale mail        |     7 |       |       ||     7
       Plate armour      |    84 |   104 |   147 ||   335
Dodge: Dodged            |    17 |    31 |    43 ||    91
Block: Kite shield       |   126 |   140 |   188 ||   454
       Rpst.: Long sword |     8 |       |       ||     8

Table legend: (Time is in decaauts)
 A = Elapsed time spent in this place.
 B = Non-inter-level travel time spent in this place.
 C = Inter-level travel time spent in this place.
 D = Time resting spent in this place.
 E = Time spent auto-exploring this place.
 F = Levels seen in this place.
 G = Mean time per level.
                   A        B        C        D        E       F      G
               +--------+--------+--------+--------+--------+-----+--------+
         Total |   8489 |   8339 |    150 |   1732 |   5151 |   8 | 1061.1 |
       Dungeon |   8367 |   8237 |    130 |   1732 |   5063 |   7 | 1195.3 |
        Temple |    121 |    101 |     20 |      0 |     88 |   1 |  121.0 |
               +--------+--------+--------+--------+--------+-----+--------+

Top non-repeatable levels by time:
     D:5: 3330 daAuts
     D:3: 1324 daAuts
     D:4: 1066 daAuts
     D:1: 860 daAuts
     D:6: 753 daAuts
     D:2: 665 daAuts
     D:7: 367 daAuts
  Temple: 121 daAuts
